cohdb
Replays
Latest Replays
All Replays
Popular Replays
Top Player Replays
Match Explorer
How It Works
Community
CoH3 Stats
Reddit
Sign in to upload your games and track your stats! →
Sign in with Steam
Match 42312749
Unlisted
Match 42312749
Overview
Messages
Build Orders
End
Construct Infanterie Kompanie
Pioneer Squad
Selects Terror Battlegroup
MG 42 Machine Gun Team
Selects Machine Gun Camouflage
Grenadier Squad
Grenadier Squad
Construct Panzergrenadier Kompanie
MG 42 Machine Gun Team
Medical Station
Selects Contempt for the Weak
Panzergrenadier Squad
Support Elements
Nebelwerfer 42 Rocket Launcher Team
Panzergrenadier Officer Quarters
Selects Jericho Trumpet
StuG III G Assault Gun
Jericho Trumpet
DKowal
Rasen Sama
Tok3n x Operator
MonoChrome
0
0
Comments
sign in to comment!
No comments posted yet!